cohdb
Replays
Latest Replays
All Replays
Popular Replays
Top Player Replays
Match Explorer
How It Works
Community
CoH3 Stats
Reddit
Sign in to upload your games and track your stats! →
Sign in with Steam
Match 36399715
Unlisted
Match 36399715
Overview
Messages
Build Orders
End
Kradschützen Motorcycle Team
Kradschützen Motorcycle Team
Panzergrenadier Squad
250 Light Carrier
Construct Light Support Kompanie
Combat Half-tracks
Panzergrenadier Squad
Fire Support Elements
Assault Mechanized Group
Flakvierling Half-track
le.IG 18 Support Gun Team
Construct Panzerarmee Kommand
Vehicle Survival Package
Pak 38 Anti-tank Gun Team
Pak 38 Mechanized Group
Selects Armored Support Battlegroup
Selects Superior Fire Drills
Selects Flammpanzer III Medium Tank
Selects Command Panzer IV F Medium Tank
2.5-tonne Medical Truck
Panzer III L Medium Tank
Selects Salvage Kits
DibbeTC
Bravo-Rob197197
0
0
Comments
sign in to comment!
No comments posted yet!